 Dungeon Crawl Stone Soup version 0.20.1-1-g8b1a95d (webtiles) character file.

679885 Vodalian the Conqueror (level 27, 0/409 HPs)
             Began as a Minotaur Berserker on Oct 24, 2017.
             Was the Champion of Trog.
             Slain by a phantasmal warrior (10 damage)
             ... summoned by a mummy priest
             ... on level 1 of the Tomb of the Ancients on Oct 31, 2017.
             The game lasted 09:48:48 (68297 turns).

Vodalian the Conqueror (Minotaur Berserker)        Turns: 68297, Time: 09:48:49

Health: 0/409      AC: 42    Str: 43      XL:     27
Magic:  20/20      EV: 12    Int:  7 (8)  God:    Trog [******]
Gold:   4825       SH: 26    Dex: 19      Spells: 26/26 levels left

rFire    . . .     SeeInvis .   U - +8 mithril axe "Arga" {speed, MR+}
rCold    + . .     Gourm    .   W - +1 shield {reflect}
rNeg     + + +     Faith    .   o - +11 crystal plate armour of Dofesoej {rC+ Str+4 Dex+3}
rPois    +         Spirit   .   (helmet restricted)
rElec    +         Reflect  +   r - scarf {repulsion}
rCorr    .         Harm     .   y - +0 pair of gloves {Str+3}
MR       ++...     Rnd*Rage +   a - +0 pair of boots
Stlth    ..........             x - amulet of the Queen {Reflect *Slow rElec rN+++ Str+3 SH+4}
Regen    0.8/turn               E - ring of Dusume {+Blink rPois rF+ rN+ MR-}
MPRegen  0.2/turn               d - ring of Kyome {rElec rPois rF- Int+4 Dex+3}

@: berserking, about to teleport, corroded, slowed, repel missiles
A: retaliatory headbutt, horns 2, molten scales 1, berserk 2, clumsy 2,
deterioration 1, low mp 1, screaming 3, shaggy fur 1, no potion heal 1, subdued
magic 2, MP-powered wands
}: 4/15 runes: decaying, serpentine, slimy, silver
a: Berserk, Trog's Hand, Brothers in Arms, Burn Spellbooks, Renounce Religion,
Evoke Blink


You were on level 1 of the Tomb of the Ancients.
You worshipped Trog.
Trog was exalted by your worship.
You were not hungry.

You visited 11 branches of the dungeon, and saw 53 of its levels.
You visited the Abyss 1 time.
You also visited: Sewer and Ossuary.

You collected 8616 gold pieces.
You spent 3791 gold pieces at shops.

Inventory:

Hand Weapons
 g - the +8 frozen axe "Frostbite" {freezing cloud, *Noise +Fly rC+}
   (You found it on level 5 of the Pits of Slime)

   It has been specially enchanted to freeze those struck by it, causing extra
   injury to most foes and up to half again as much damage against particularly
   susceptible opponents.
   It can also slow down cold-blooded creatures.
   It protects you from cold.
   It lets you fly.
   It may make noises in combat.
 N - the +8 trident of the Octopus King {venom, rElec rPois MR+}
   (You found it on level 8 of the Dungeon)

   It poisons the flesh of those it strikes.
   It insulates you from electricity.
   It protects you from poison.
   It affects your resistance to hostile enchantments.
 U - the +8 mithril axe "Arga" (weapon) {speed, MR+}
   (You took it off a deep elf sorcerer on level 3 of the Elven Halls)

   Attacks with this weapon are significantly faster.
   It affects your resistance to hostile enchantments.
 Z - the +5 mace "Merrov" {holy, rF+ Stlth+}
   (You found it on level 3 of the Elven Halls)

   It has been blessed by the Shining One to cause great damage to the undead
   and demons.
   It protects you from fire.
   It makes you more stealthy.
Armour
 a - a +0 pair of boots (worn)
 n - +0 shadow dragon scales
 o - the +11 crystal plate armour of Dofesoej (worn) {rC+ Str+4 Dex+3}
   (You acquired it on level 9 of the Dungeon)

   It affects your strength (+4).
   It affects your dexterity (+3).
   It protects you from cold.
 r - a scarf of repulsion (worn)
 y - a +0 pair of gloves of strength (worn)
 I - a +0 pair of boots of running
 J - the +0 robe of Fashionability {rCorr Str-3 Int+2, unknown}
   (You found it on level 1 of the Tomb of the Ancients)

   It affects your strength (-3).
   It affects your intelligence (+2).
   It protects you from acid and corrosion.
 W - a +1 shield of reflection (worn)
Jewellery
 d - the ring of Kyome (right hand) {rElec rPois rF- Int+4 Dex+3}
   (You took it off a deep elf blademaster on level 3 of the Elven Halls)

   [ring of intelligence]

   It affects your intelligence (+4).
   It affects your dexterity (+3).
   It makes you vulnerable to fire.
   It insulates you from electricity.
   It protects you from poison.
 f - a cursed -3 ring of strength {unknown}
 h - an uncursed ring of protection from cold
 q - an uncursed ring of protection from magic
 w - an uncursed ring of resist corrosion
 x - the amulet of the Queen (around neck) {Reflect *Slow rElec rN+++ Str+3 SH+4}
   (You took it off a deep elf archer on level 3 of the Elven Halls)

   [amulet of reflection]

   It shields you and reflects attacks.
   It affects your strength (+3).
   It insulates you from electricity.
   It renders you almost immune to negative energy.
   It may slow you when you take damage.
   It affects your SH (+4).
 E - the ring of Dusume (left hand) {+Blink rPois rF+ rN+ MR-}
   (You bought it in a shop on level 1 of the Elven Halls)

   [ring of positive energy]

   It protects you from fire.
   It protects you from poison.
   It protects you from negative energy.
   It affects your resistance to hostile enchantments.
   It lets you blink.
 G - the ring "Ruwn" {AC+3 Slay+2, unknown}
   (You found it on level 3 of the Crypt)

   [ring of protection]

   It affects your AC (+3).
   It affects your accuracy and damage with ranged weapons and melee attacks
   (+2).
 K - an uncursed ring of protection from fire
 P - an uncursed amulet of guardian spirit
Scrolls
 b - 6 scrolls of magic mapping
 i - 5 scrolls of fear
 m - a scroll of recharging
 s - 13 scrolls of teleportation
 t - 2 scrolls of enchant weapon
 C - a scroll of fog
 D - a scroll of summoning {unknown}
 H - 21 scrolls of remove curse
 O - 3 scrolls of identify
Potions
 e - 8 potions of agility
 k - 15 potions of curing
 l - 2 potions of berserk rage
 p - 4 potions of haste
 z - 15 potions of flight
 A - 6 potions of invisibility
 B - 2 potions of might
 L - 3 potions of resistance
 Q - 7 potions of cancellation
 R - 4 potions of heal wounds
Comestibles
 c - 11 bread rations
 j - 32 meat rations
 u - 16 royal jellies
 F - 2 fruits


   Skills:
 O Level 27 Fighting
   Level 4.6 Long Blades
 + Level 24.6(27) Axes
 + Level 14.2(21.5) Maces & Flails
 + Level 19.9(24.9) Polearms
   Level 10.0(18.0) Staves
 + Level 23.2 Armour
 + Level 4.3 Dodging
 + Level 3.4 Stealth
 O Level 27 Shields
 + Level 0.8 Evocations


You had 26 spell levels left.
You didn't know any spells.

Dungeon Overview and Level Annotations

Branches:
Dungeon (15/15)            Temple (0/1) D:4            Lair (6/6) D:8
  Swamp (4/4) Lair:4        Snake (4/4) Lair:2        Slime (5/5) Lair:5
    Orc (2/2) D:10            Elf (3/3) Orc:2        Vaults (5/5) D:13
  Crypt (3/3) Vaults:3       Tomb (1/3) Crypt:3      Depths (5/5) D:15
    Zot (0/5) Depths:5

Altars:
Ashenzari
Cheibriados
Elyvilon
Gozag
Nemelex Xobeh
Qazlal
Ru
Trog
Uskayaw
Vehumet
Xom
Yredelemnul
Zin
Beogh

Shops:
D:4 %   D:6 (   D:8 *   D:10 *   Orc:2 [([!   Elf:1 =}=   Elf:2 *   Vaults:3 (
Vaults:5 =?   Depths:3 *   Depths:4 %

Portals:
Hell: Depths:1 Depths:2 Depths:3 Depths:4 Depths:5
Abyss: Depths:4 Depths:5
Pandemonium: Depths:3
Ziggurat: Depths:5
Trove: D:10 (give horn of Geryon)


Innate Abilities, Weirdness & Mutations

You reflexively headbutt those who attack you in melee.
You have a pair of horns on your head.
You are partially covered in molten scales. (AC +2)
You often lose your temper in combat.
You are very clumsy. (Dex -4)
Your body sometimes deteriorates upon taking damage.
Your magical capacity is low. (-10% MP)
You frequently scream uncontrollably at your foes.
You are covered in fur. (AC +1)
Potions are less effective at restoring your health.
Your spells are easier to cast, but less powerful.
You expend magic power (3 MP) to strengthen your wands.


Message History

The mummy disappears in a puff of smoke!
The soul eater disappears in a puff of smoke!
The phantasmal warrior barely misses you.
You furiously retaliate!
You headbutt the phantasmal warrior, but do no damage.
You block the spectral eight-headed hydra's attack. x2
The spectral eight-headed hydra bites you but does no damage.
You block the spectral eight-headed hydra's attack. x3
The spectral eight-headed hydra closely misses you.
The spectral eight-headed hydra bites you but does no damage.
A red film seems to cover your vision as you go berserk!
You feel yourself moving faster!
You feel mighty!
You slice something!!
You feel the power of Trog in you as your rage grows.
Reactivating autopickup.
You completely miss the phantasmal warrior.
You slice the rust devil!!
You slash the spectral eight-headed hydra!
You closely miss something. You block the rust devil's attack.
The phantasmal warrior hits you!
You die...

........#
#....................
........#
#....................
........#
#....................
........#
#..................
........#
#..Z..............
........#
#...W.......
........#
#§.M4n......
........#
#.§Z4W......
........#
#.W.@.......
........#
####'.......
..(.....# .#.......
........# ^. .......
........# ... .......
.[......# ####
####### ........#
........# ........#


You could see a mummy priest, a flayed ghost, a phantasmal warrior, a rust
devil, a spectral eight-headed hydra, a chaos spawn, a wraith, a necrophage and
an ice dragon simulacrum.

Vanquished Creatures
  the Royal Jelly (Slime:5)
  Dissolution (Slime:4)
  Khufu (Crypt:2)
  2 ancient liches
  Mara (Elf:3)
  3 juggernauts
  Sojobo (Depths:3)
  3 greater mummies (Tomb:1)
  Boris (Depths:4)
  Bai Suzhen (Snake:4)
  Saint Roka (Elf:2)
  Xtahua (Depths:5)
  3 caustic shrikes
  3 golden dragons (Depths:4)
  2 bone dragons
  Nikola (Depths:1)
  Jory (Depths:5)
  Jorgrun (Swamp:3)
  5 tentacled monstrosities
  2 deep elf master archers (Elf:3)
  12 liches
  5 titans
  The ghost of hilaritas the Peltast, an adept HOBe of Trog (Swamp:4)
  51 acid blobs
  2 deep elf blademasters (Elf:3)
  2 quicksilver dragons (Vaults:5)
  8 sphinxes
  2 thorn hunters (Swamp:3)
  5 ancient champions
  Donald (Elf:2)
  5 shadow dragons
  2 Executioners (Abyss:2)
  12 nagarajas
  Kirke (Swamp:2)
  18 tengu reavers
  3 storm dragons
  12 fire giants
  39 azure jellies
  6 revenants
  8 deep elf sorcerers
  3 iron dragons
  A balrug (Depths:1)
  An orc warlord (Orc:2)
  15 frost giants
  Aizul (Swamp:1)
  A draconian scorcher (Depths:5)
  Louise (Elf:2)
  10 vault wardens
  The ghost of Jazqa the Fighter, a journeyman MiFi of Cheibriados (Lair:2)
  A draconian stormcaller (Depths:5)
  5 deep elf elementalists
  4 curse skulls
  6 ghouls (Crypt:2)
  29 very ugly things
  16 ironheart preservers
  A war gargoyle (Vaults:5)
  3 spriggan defenders (Depths:4)
  2 juggernaut skeletons
  A green draconian (Depths:5)
  11 vampire knights
  An entropy weaver (Vaults:5)
  21 stone giants
  6 bennus (Tomb:1)
  A spectral titan (Crypt:3)
  2 purple draconians (Depths:5)
  Azrael (Elf:2)
  18 spark wasps
  7 deep elf annihilators
  7 deep elf demonologists
  A red draconian (Depths:5)
  9 eidola
  16 ettins
  The ghost of GenChuck the Impaler, a journeyman MiFi of the Shining One (Slime:1)
  The ghost of Fingolfin the Archer, a journeyman FoFi of Okawaru (Lair:2)
  11 deep elf death magi
  4 spectral quicksilver dragons (Crypt:3)
  21 yaktaur captains
  5 mummy priests (Tomb:1)
  12 jiangshi
  19 death oozes
  10 fire dragons
  3 deep elf high priests
  Fannar (D:10)
  17 ice dragons
  A spectral golden dragon (Crypt:3)
  7 rakshasas
  15 great orbs of eyes
  A quicksilver dragon skeleton (Crypt:1)
  A great orb of eyes (shapeshifter) (Depths:4)
  24 vault guards
  15 hydras
  A juggernaut simulacrum (Depths:1)
  6 spriggan air magi
  Erica (D:8)
  29 naga warriors
  6 death knights
  3 centaur warriors
  18 ogre magi
  13 anacondas
  A two-headed ogre (shapeshifter) (Vaults:4)
  7 alligators
  A catoblepas (Lair:6)
  A spectral stone giant (Crypt:3)
  8 tengu warriors
  7 death scarabs (Tomb:1)
  A spectral fire giant (Crypt:3)
  27 dancing weapons
  53 two-headed ogres
  7 spriggan berserkers
  4 spectral storm dragons (Crypt:3)
  10 vampire magi
  19 naga sharpshooters
  9 deep troll earth magi
  16 deep troll shamans
  10 hell knights
  3 shock serpents (Snake:4)
  Urug (D:13)
  2 wretched stars (Abyss:2)
  25 deep elf knights
  2 small abominations
  A titan skeleton (Depths:2)
  A soul eater (Crypt:1)
  2 sun demons (Depths:1)
  12 shadow wraiths
  2 salamander mystics
  19 skeletal warriors
  A spectral ghost moth (Crypt:3)
  3 iron trolls
  A spectral anaconda (Crypt:3)
  A deep troll (shapeshifter) (Depths:2)
  2 spriggan druids
  2 wizards
  4 glowing orange brains
  12 flayed ghosts
  31 deep trolls
  4 unseen horrors
  4 shambling mangroves
  12 ironbrand convokers
  The ghost of dvd the Caller, a novice TrSu of Okawaru (D:6)
  19 deep elf archers
  10 swamp dragons
  7 naga ritualists
  17 phantasmal warriors
  3 harpies (Vaults:4)
  A harpy (shapeshifter) (D:14)
  9 necromancers
  65 deep elf magi
  An orb spider (Abyss:2)
  17 orc knights
  2 stone giant zombies
  A lindwurm (Lair:6)
  5 wolf spiders
  7 mana vipers
  A shining eye (shapeshifter) (Elf:2)
  A spectral fire dragon (Crypt:3)
  3 fire giant zombies
  13 salamanders
  A tengu skeleton (Vaults:5)
  An orc sorcerer (Orc:2)
  2 spectral ice dragons (Crypt:3)
  50 ugly things
  2 spectral ettins (Crypt:3)
  4 cyclopes
  4 shining eyes
  A manticore (D:11)
  A fire giant skeleton (Vaults:2)
  A manticore (shapeshifter) (Vaults:4)
  A spectral shock serpent (Crypt:3)
  An iron dragon skeleton (Depths:1)
  24 black mambas
  3 black mambas (shapeshifter)
  A rust devil (Abyss:2)
  Maurice (Orc:2)
  7 elephants (Lair:5)
  A moth of wrath (shapeshifter) (Vaults:2)
  A frost giant skeleton (Depths:1)
  A water nymph (shapeshifter) (Vaults:5)
  Psyche (D:8)
  2 storm dragon simulacra
  15 naga magi
  A torpor snail (Lair:2)
  10 guardian serpents
  13 vault sentinels
  A yellow draconian zombie (Crypt:3)
  4 centaur skeletons
  22 spiny frogs
  A kobold demonologist (D:11)
  A shock serpent skeleton (Crypt:3)
  2 yaktaurs (shapeshifter)
  A sea snake zombie (Crypt:2)
  4 human zombies
  8 komodo dragons
  2 anaconda simulacra (Crypt:1)
  A spriggan zombie (Depths:1)
  A swamp worm zombie (Crypt:1)
  A hellion (Abyss:2)
  60 yaktaurs
  29 freezing wraiths
  A spark wasp simulacrum (Depths:2)
  A spectral monstrous demonspawn (Crypt:3)
  4 tengu conjurers
  A yaktaur skeleton (Depths:1)
  A green draconian skeleton (Crypt:2)
  A death yak skeleton (Crypt:1)
  An ancient zyme (Abyss:2)
  A red draconian skeleton (Crypt:2)
  7 trolls
  5 guardian mummies
  2 polar bears
  A hellwing (Abyss:2)
  An iron troll skeleton (Crypt:1)
  2 wolf spider simulacra (Crypt:1)
  4 spectral harpies (Crypt:3)
  A wind drake (shapeshifter) (Depths:3)
  A merfolk (shapeshifter) (Vaults:1)
  2 tyrant leeches (Swamp:1)
  145 slime creatures
  A raiju (Abyss:2)
  Grinder (D:4)
  3 sphinx simulacra
  8 dream sheep
  A bog body (Swamp:2)
  19 hornets
  A raiju (shapeshifter) (D:15)
  11 blink frogs
  A stone giant simulacrum (Crypt:1)
  10 hippogriffs
  4 iron dragon simulacra
  2 hydra skeletons
  9 spriggans
  15 flying skulls
  5 shadows
  2 air elementals
  A spriggan (shapeshifter) (Vaults:4)
  8 wraiths
  2 water elementals (Depths:4)
  5 vampires
  4 wyverns
  4 ushabtiu (Tomb:1)
  A yak (shapeshifter) (Depths:4)
  A ynoxinul (Abyss:2)
  11 golden eyes
  26 yaks
  2 basilisks
  A dire elephant simulacrum (Crypt:3)
  A fire bat (Abyss:2)
  4 fire elementals (Elf:2)
  2 hungry ghosts
  4 hogs (Swamp:2)
  6 large abominations
  A chaos spawn (Abyss:2)
  13 vampire mosquitoes
  A yaktaur simulacrum (Vaults:1)
  9 wargs
  3 soldier ants
  16 swamp worms
  2 human simulacra
  72 nagas
  3 insubstantial wisps (Swamp:4)
  A monstrous demonspawn zombie (Crypt:2)
  A harpy simulacrum (Crypt:1)
  19 water moccasins
  2 acid dragons
  12 porcupines
  2 hydra simulacra (Crypt:1)
  A hell hound (Elf:2)
  8 sky beasts
  51 orc warriors
  12 swamp drakes
  3 ice beasts
  An alligator simulacrum (Crypt:1)
  7 eyes of draining
  An ettin simulacrum (Crypt:1)
  4 black bears
  A fire dragon simulacrum (Crypt:1)
  3 phantoms
  A spriggan simulacrum (Depths:1)
  The ghost of dvd the Caller, an amateur TrSu of Okawaru (D:4)
  3 necrophages (Crypt:2)
  3 ice dragon simulacra (Crypt:1)
  7 boggarts
  A human skeleton (Vaults:2)
  47 ogres
  2 orc skeletons
  A snapping turtle skeleton (Crypt:2)
  12 wolves
  9 centaurs
  8 crocodiles
  An elephant skeleton (Crypt:2)
  4 big kobolds
  3 elf zombies (Elf:1)
  A bullfrog (shapeshifter) (Vaults:1)
  21 bullfrogs
  4 earth elementals
  A wyvern zombie (D:12)
  A wyvern skeleton (D:13)
  A water moccasin zombie (Crypt:3)
  2 scorpions (D:11)
  A polar bear zombie (Crypt:1)
  62 killer bees
  A snapping turtle simulacrum (Crypt:1)
  2 swamp dragon simulacra (Crypt:1)
  4 howler monkeys
  6 wights
  8 electric eels
  2 centaur zombies
  11 crimson imps
  4 bullfrog zombies
  4 hounds
  2 quasits
  An iron imp (Depths:5)
  A soldier ant zombie (Crypt:1)
  Crazy Yiuf (D:2)
  3 jellies
  40 orc priests
  27 orc wizards
  2 bullfrog skeletons
  A black bear skeleton (Crypt:1)
  A gnoll shaman (D:7)
  9 worker ants
  6 iguanas
  A porcupine zombie (Crypt:3)
  A killer bee zombie (Crypt:1)
  3 big kobold zombies (Ossuary)
  2 demigod zombies
  A bullfrog simulacrum (D:9)
  2 centaur simulacra
  A hound zombie (D:11)
  An ogre skeleton (Crypt:3)
  20 mummies
  A killer bee simulacrum (D:9)
  A howler monkey zombie (D:9)
  7 gnolls
  14 adders
  A howler monkey skeleton (D:10)
  2 river rats (D:3)
  6 shadow imps
  A white imp (D:9)
  An ufetubus (Abyss:2)
  4 oozes
  An adder zombie (D:6)
  An adder skeleton (D:8)
  8 worms
  6 leopard geckos
  109 orcs
  13 bats
  14 giant cockroaches
  7 goblins
  6 hobgoblins
  4 jackals (Sewer)
  22 kobolds
  4 quokkas
  4 ball pythons
  A frilled lizard (D:4)
  3 gnoll zombies (Ossuary)
  A goblin zombie (Ossuary)
  A hobgoblin zombie (Ossuary)
  A leopard gecko zombie (D:8)
  5 orc zombies (Ossuary)
  15 rats
  2 briar patches (Swamp:3)
  3 fungi (Depths:2)
  3 plants
2722 creatures vanquished.

Vanquished Creatures (collateral kills)
  A fire giant (D:15)
  A hydra (D:11)
  A dancing weapon (Elf:2)
  2 deep elf knights (Elf:2)
  A naga ritualist (Snake:4)
  An oklob plant (Lair:5)
  A guardian serpent (Snake:3)
  A black mamba (Snake:4)
  A naga mage (Snake:3)
  4 nagas
  A water moccasin (Lair:5)
  An orc warrior (D:11)
  A centaur (D:11)
  2 orc wizards
  An orc priest (Orc:2)
  An orc (D:11)
21 creatures vanquished.

Vanquished Creatures (others)
  A lich (Depths:3)
  2 fire giants
  3 stone giants
  A vampire knight (Depths:4)
  A vault guard (Vaults:5)
  2 yaktaur captains
  2 tengu warriors
  An unseen horror (Vaults:1)
  A hell knight (Depths:4)
  2 deep elf archers
  3 cyclopes (Vaults:2)
  A slime creature (Slime:5)
  17 yaktaurs
  A guardian mummy (Tomb:1)
  An orc warrior (Elf:2)
  A bullfrog (shapeshifter) (Vaults:5)
  A mummy (Tomb:1)
  A white imp (D:9)
  2 orcs
  5 bushes (Depths:1)
  8 fungi
  40 plants
97 creatures vanquished.

Grand Total: 2840 creatures vanquished

Notes
Turn   | Place    | Note
-------+----------+-------------------------------------------
     0 | D:1      | Vodalian the Minotaur Berserker began the quest for the Orb.
     0 | D:1      | Reached XP level 1. HP: 19/19 MP: 0/0
   226 | D:1      | Reached XP level 2. HP: 27/27 MP: 1/1
   661 | D:2      | Reached XP level 3. HP: 33/33 MP: 2/2
   760 | D:2      | Found a runed door.
   764 | D:2      | Noticed Crazy Yiuf
   769 | D:2      | Killed Crazy Yiuf
   846 | D:2      | Reached XP level 4. HP: 36/41 MP: 3/3
   864 | D:2      | Reached ** piety under Trog
  1045 | D:2      | Found a shattered altar of Ashenzari.
  1067 | D:2      | Found a white marble altar of Elyvilon.
  1152 | D:3      | Found a hide-covered altar of Uskayaw.
  1152 | D:3      | Noticed a dagger
  1152 | D:3      | Noticed a dagger
  1297 | D:3      | Found a bloodstained altar of Trog.
  1486 | D:3      | Reached skill level 1 in Staves
  1488 | D:3      | Reached XP level 5. HP: 44/47 MP: 4/4
  1567 | D:3      | Reached skill level 5 in Fighting
  1593 | D:3      | Found a glowing drain.
  1604 | Sewer    | Entered a sewer
  1642 | Sewer    | Reached *** piety under Trog
  2525 | D:4      | Reached XP level 6. HP: 50/56 MP: 5/5
  2655 | D:4      | Found Siahymov's Food Shop.
  2687 | D:4      | Noticed dvd's ghost (amateur TrSu)
  2699 | D:4      | Killed dvd's ghost
  2699 | D:4      | Reached skill level 5 in Staves
  2699 | D:4      | Reached XP level 7. HP: 26/61 MP: 6/6
  2742 | D:4      | Found a shimmering altar of Xom.
  2868 | D:4      | Noticed Grinder
  2887 | D:4      | Killed Grinder
  2887 | D:4      | Reached skill level 5 in Armour
  3191 | D:4      | Found a staircase to the Ecumenical Temple.
  3279 | D:5      | Entered Level 5 of the Dungeon
  3355 | D:5      | Reached XP level 8. HP: 57/71 MP: 7/7
  3446 | D:5      | Noticed an angel
  3447 | D:5      | Found a shimmering altar of Xom.
  3447 | D:5      | Found a glowing silver altar of Zin.
  3682 | D:5      | Gained mutation: You occasionally shout uncontrollably at your foes. [potion of mutation]
  3682 | D:5      | Gained mutation: You are partially covered in molten scales. (AC +2) [potion of mutation]
  3717 | D:5      | Reached **** piety under Trog
  3893 | D:5      | Found a sparkling altar of Nemelex Xobeh.
  3899 | D:5      | Found a stormy altar of Qazlal.
  3914 | D:5      | Found an opulent altar of Gozag.
  4088 | D:6      | Noticed dvd's ghost (novice TrSu)
  4098 | D:6      | Killed dvd's ghost
  4098 | D:6      | Reached skill level 1 in Stealth
  4098 | D:6      | Reached XP level 9. HP: 81/81 MP: 8/8
  4415 | D:6      | Found Yllex's Antique Weapon Emporium.
  4428 | D:6      | Found a sacrificial altar of Ru.
  4476 | D:6      | Found a sand-covered staircase.
  4487 | Ossuary  | Entered an ossuary
  4505 | Ossuary  | Reached skill level 5 in Maces & Flails
  4694 | D:6      | Bought a runed flail for 182 gold pieces
  4896 | D:7      | Reached skill level 10 in Staves
  6219 | D:8      | Noticed Psyche
  6228 | D:8      | Killed Psyche
  6272 | D:8      | Found Umefu's General Store.
  6316 | D:8      | Reached skill level 1 in Shields
  6320 | D:8      | Reached XP level 10. HP: 90/90 MP: 9/9
  6327 | D:8      | Reached ***** piety under Trog
  6459 | D:8      | Noticed Erica
  6467 | D:8      | Killed Erica
  6468 | D:8      | Found a basalt altar of Yredelemnul.
  6475 | D:8      | Found a staircase to the Lair.
  6495 | D:8      | Noticed a two-headed ogre
  6503 | D:8      | Killed a two-headed ogre
  6503 | D:8      | Reached skill level 1 in Polearms
  7500 | D:9      | Reached skill level 10 in Armour
  7634 | D:9      | Found a snail-covered altar of Cheibriados.
  7800 | D:9      | Found a sacrificial altar of Ru.
  7836 | D:9      | Reached skill level 5 in Polearms
  7869 | D:9      | Identified a scroll of acquirement
  7870 | D:9      | Got a faintly glowing crystal plate armour
  7881 | D:9      | Identified the +11 crystal plate armour of Dofesoej {rC+ Str+4 Dex+3} (You acquired it on level 9 of the Dungeon)
  8048 | D:10     | Entered Level 10 of the Dungeon
  8058 | D:10     | Reached XP level 11. HP: 99/99 MP: 10/10
  8061 | D:10     | Gained mutation: You are agile. (Dex +2) [mutagenic meat]
  8062 | D:10     | Gained mutation: You sometimes yell uncontrollably at your foes. [mutagenic meat]
  8065 | D:10     | Gained mutation: You are covered in fur. (AC +1) [mutagenic meat]
  8066 | D:10     | Lost mutation: You are agile. (Dex +2) [mutagenic meat]
  8079 | D:10     | Noticed a two-headed ogre
  8099 | D:10     | Killed a two-headed ogre
  8134 | D:10     | Found a portal to a secret trove of treasure.
  8312 | D:10     | Killed an unseen horror
  8312 | D:10     | Reached skill level 10 in Fighting
  8508 | D:10     | Noticed Fannar
  8520 | D:10     | Killed Fannar
  8625 | D:10     | Found a staircase to the Orcish Mines.
  8660 | D:10     | Found Yrchanitt's Demolitions Depot.
  9212 | D:11     | Noticed a seven-headed hydra
  9218 | D:11     | Killed an eight-headed hydra
  9519 | D:11     | Reached skill level 10 in Polearms
  9583 | D:11     | Noticed a two-headed ogre
  9590 | D:11     | Reached ****** piety under Trog
  9596 | D:11     | Killed a two-headed ogre
  9762 | D:11     | Reached XP level 12. HP: 108/108 MP: 11/11
  9965 | D:12     | Found a runed door.
 10276 | D:12     | Noticed a two-headed ogre
 10280 | D:12     | Killed a two-headed ogre
 10287 | D:12     | Got a bloodstained robe
 10383 | D:12     | Noticed an ettin
 10384 | D:12     | Noticed an ettin
 10436 | D:12     | Killed an ettin
 10440 | D:12     | Killed an ettin
 10932 | D:13     | Noticed a two-headed ogre
 10941 | D:13     | Killed a two-headed ogre
 11206 | D:13     | Received a gift from Trog
 11251 | D:13     | Found a gate to the Vaults.
 11251 | D:13     | Noticed a vault guard
 11256 | D:13     | Noticed a centaur warrior
 11259 | D:13     | Killed a centaur warrior
 11271 | D:13     | Killed a vault guard
 11584 | D:13     | Noticed Urug
 11593 | D:13     | Killed Urug
 11701 | D:14     | Noticed a tengu warrior
 11717 | D:14     | Killed a tengu warrior
 11717 | D:14     | Reached XP level 13. HP: 114/117 MP: 12/12
 11839 | D:14     | Reached skill level 5 in Shields
 12417 | D:15     | Entered Level 15 of the Dungeon
 12420 | D:15     | Noticed a fire giant
 12430 | D:15     | Killed a fire giant
 12434 | D:15     | Found a staircase to the Depths.
 12877 | D:15     | Received a gift from Trog
 13210 | Lair:1   | Entered Level 1 of the Lair of Beasts
 13273 | Lair:1   | You fall through a shaft!
 13989 | Lair:2   | Noticed Fingolfin's ghost (journeyman FoFi)
 14006 | Lair:2   | Killed Fingolfin's ghost
 14045 | Lair:2   | Reached skill level 15 in Polearms
 14090 | Lair:2   | Found a staircase to the Snake Pit.
 14318 | Lair:2   | Noticed Jazqa's ghost (journeyman MiFi)
 14366 | Lair:2   | Killed Jazqa's ghost
 14366 | Lair:2   | Reached XP level 14. HP: 75/129 MP: 6/13
 15009 | Lair:3   | Received a gift from Trog
 15760 | Lair:4   | Found a staircase to the Swamp.
 16273 | Lair:4   | Received a gift from Trog
 16662 | Lair:5   | Found a staircase to the Slime Pits.
 17144 | Lair:6   | Entered Level 6 of the Lair of Beasts
 17741 | Swamp:1  | Entered Level 1 of the Swamp
 17769 | Swamp:1  | Reached skill level 15 in Fighting
 17772 | Swamp:1  | Reached skill level 1 in Long Blades
 18242 | Swamp:1  | Noticed Aizul
 18258 | Swamp:1  | Killed Aizul
 18258 | Swamp:1  | Reached XP level 15. HP: 108/141 MP: 10/14
 18306 | Swamp:1  | Reached skill level 15 in Armour
 18449 | Swamp:2  | Found a shattered altar of Ashenzari.
 18788 | Swamp:2  | Received a gift from Trog
 18855 | Swamp:2  | Noticed Kirke
 18896 | Swamp:2  | Killed Kirke
 19036 | Swamp:3  | Noticed a thorn hunter
 19064 | Swamp:3  | Killed a thorn hunter
 19180 | Swamp:3  | Noticed a thorn hunter
 19203 | Swamp:3  | Killed a thorn hunter
 19241 | Swamp:3  | Noticed Jorgrun
 19270 | Swamp:3  | Killed Jorgrun
 19805 | Swamp:4  | Entered Level 4 of the Swamp
 19931 | Swamp:4  | Noticed hilaritas's ghost (adept HOBe)
 20037 | Swamp:4  | Killed hilaritas's ghost
 20559 | Swamp:4  | Received a gift from Trog
 20651 | Swamp:4  | Reached skill level 10 in Shields
 20757 | Swamp:4  | Reached XP level 16. HP: 56/152 MP: 9/15
 20785 | Swamp:4  | Got a decaying rune of Zot
 21404 | Snake:1  | Entered Level 1 of the Snake Pit
 22396 | Snake:2  | Received a gift from Trog
 22469 | Snake:2  | You fall through a shaft!
 23819 | Snake:4  | Entered Level 4 of the Snake Pit
 23930 | Snake:4  | Received a gift from Trog
 24415 | Snake:4  | Reached XP level 17. HP: 114/163 MP: 12/16
 25318 | Snake:4  | Noticed Bai Suzhen
 25337 | Snake:4  | Killed Bai Suzhen
 25349 | Snake:4  | Received a gift from Trog
 26753 | Snake:4  | Received a gift from Trog
 27275 | Snake:4  | Got a serpentine rune of Zot
 27453 | Snake:4  | Reached XP level 18. HP: 170/176 MP: 17/17
 28131 | Orc:1    | Entered Level 1 of the Orcish Mines
 28594 | Orc:2    | Entered Level 2 of the Orcish Mines
 28602 | Orc:2    | Noticed Maurice
 28604 | Orc:2    | Found a roughly hewn altar of Beogh.
 28611 | Orc:2    | Killed Maurice
 28619 | Orc:2    | Received a gift from Trog
 28663 | Orc:2    | Found a roughly hewn altar of Beogh.
 28787 | Orc:2    | Found Ypseufebb's Armour Shop.
 29330 | Orc:2    | Received a gift from Trog
 29363 | Orc:2    | Found Turricvu's Antique Weapon Shop.
 29490 | Orc:2    | Found a roughly hewn altar of Beogh.
 29493 | Orc:2    | Found Rib Jank's Antique Armour Boutique.
 29639 | Orc:2    | Found a staircase to the Elven Halls.
 29771 | Orc:2    | Found a roughly hewn altar of Beogh.
 29783 | Orc:2    | Found Koexkox's Distillery.
 29790 | Orc:2    | Bought a potion of curing for 39 gold pieces
 29790 | Orc:2    | Bought a potion of curing for 39 gold pieces
 29790 | Orc:2    | Bought a potion of heal wounds for 65 gold pieces
 29888 | Orc:2    | Bought a +0 cloak of poison resistance for 127 gold pieces
 29888 | Orc:2    | Bought a +0 shield for 67 gold pieces
 30222 | Elf:1    | Entered Level 1 of the Elven Halls
 30698 | Elf:1    | Received a gift from Trog
 31065 | Elf:1    | Found Bocsiw's Jewellery Shoppe.
 31066 | Elf:1    | Found Wiguf's Gadget Boutique.
 31068 | Elf:1    | Found Bamehin's Jewellery Shoppe.
 31076 | Elf:1    | Bought an uncursed amulet of regeneration for 420 gold pieces
 31076 | Elf:1    | Bought an uncursed ring of poison resistance for 280 gold pieces
 31082 | Elf:1    | Bought the ring of Dusume {+Blink rPois rF+ rN+ MR-} for 697 gold pieces
 31293 | Elf:2    | Noticed Saint Roka
 31362 | Elf:2    | Killed Saint Roka
 31697 | Elf:2    | Found Aruser's General Store.
 31836 | Elf:2    | Noticed Louise
 31889 | Elf:2    | Received a gift from Trog
 31974 | Elf:2    | Killed Louise
 32123 | Elf:2    | Found a huge runed gate.
 32123 | Elf:2    | Found a huge runed gate.
 32128 | Elf:2    | Found a huge runed gate.
 32133 | Elf:2    | Noticed Donald
 32153 | Elf:2    | Killed Donald
 32287 | Elf:2    | Noticed Azrael
 32321 | Elf:2    | Killed Azrael
 32585 | Elf:2    | Gained mutation: Your spells are a little easier to cast, but a little less powerful. [a shining eye]
 32589 | Elf:2    | Gained mutation: You tend to lose your temper in combat. [a shining eye]
 32943 | Elf:2    | Received a gift from Trog
 33317 | Elf:3    | Entered Level 3 of the Elven Halls
 33467 | Elf:3    | Reached XP level 19. HP: 175/185 MP: 15/18
 33548 | Elf:3    | Got a bloodstained hand axe
 33549 | Elf:3    | Identified the +5 hand axe "Maha" {freeze, rC++ MR- Str+9 Stlth-} (You found it on level 3 of the Elven Halls)
 33843 | Elf:3    | Reached skill level 15 in Shields
 33852 | Elf:3    | Noticed Mara
 33872 | Elf:3    | Noticed Vodalian's illusion
 33906 | Elf:3    | Noticed Vodalian's illusion
 33936 | Elf:3    | Killed Mara
 34206 | Elf:3    | Found a radiant altar of Vehumet.
 34511 | Elf:3    | Cast into level 2 of the Abyss (a deep elf sorcerer)
 34545 | Abyss:2  | Received a gift from Trog
 34807 | Abyss:2  | Noticed a bone dragon
 34861 | Abyss:2  | Killed a bone dragon
 34908 | Elf:3    | Escaped the Abyss
 35312 | Elf:3    | Got a glittering wooden ring
 35419 | Elf:3    | Got a smoking flail {crush}
 35608 | Elf:3    | Got an ominously black robe
 35611 | Elf:3    | Got a garnet-encrusted leather armour
 35662 | Elf:3    | Received a gift from Trog
 35906 | Elf:3    | Got a ring of the Octopus King
 35999 | Elf:3    | Got a jewelled broad axe
 36053 | Elf:3    | Got a scintillating iron amulet
 36088 | Elf:3    | Reached skill level 1 in Axes
 36120 | Elf:3    | Got a warped mace
 36171 | Elf:3    | Got a faintly glowing spear
 36484 | Lair:1   | Identified the +5 mace "Merrov" {holy, rF+ Stlth+} (You found it on level 3 of the Elven Halls)
 36486 | Lair:1   | Identified the cursed +3 broad axe of Pyromania {vamp, +Fly rPois} (You found it on level 3 of the Elven Halls)
 36487 | Lair:1   | Identified the +11 flail of Fortitude {crush, *Drain rF+++ Int-2} (You took it off a deep elf elementalist on level 3 of the Elven Halls)
 36488 | Lair:1   | Identified the cursed +2 spear of Dissatisfaction {vamp, Fragile rPois Int+5 Dex+3} (You found it on level 3 of the Elven Halls)
 36500 | Lair:1   | Identified the +1 robe "Buseeba" {rElec Regen+ rCorr Int+2} (You took it off a deep elf demonologist on level 3 of the Elven Halls)
 36512 | Lair:1   | Identified the +3 leather armour of Contentment {Int+4 Dex-2 SInv} (You took it off a deep elf high priest on level 3 of the Elven Halls)
 36530 | Lair:1   | Identified the ring of Kyome {rElec rPois rF- Int+4 Dex+3} (You took it off a deep elf blademaster on level 3 of the Elven Halls)
 36536 | Lair:1   | Identified a ring of the Octopus King {rN+ AC+1 EV+1 Str+1 Int+1 Dex+1} (You took it off a deep elf sorcerer on level 3 of the Elven Halls)
 36541 | Lair:1   | Identified the amulet of the Queen {Reflect *Slow rElec rN+++ Str+3 SH+4} (You took it off a deep elf archer on level 3 of the Elven Halls)
 36713 | Depths:1 | Entered Level 1 of the Depths
 36790 | Depths:1 | Reached skill level 5 in Axes
 36929 | Depths:1 | Reached XP level 20. HP: 168/195 MP: 19/19
 36993 | Depths:1 | Found a gateway to Hell.
 37013 | Depths:1 | Got a scorched scythe
 37135 | Depths:1 | Noticed Nikola
 37143 | Depths:1 | Killed Nikola
 37234 | Depths:1 | Received a gift from Trog
 38303 | Depths:2 | Reached skill level 10 in Axes
 38696 | Depths:2 | Received a gift from Trog
 38895 | Depths:2 | Found a snail-covered altar of Cheibriados.
 38895 | Depths:2 | Found a basalt altar of Yredelemnul.
 38896 | Depths:2 | Found a white marble altar of Elyvilon.
 38998 | Depths:2 | Noticed a caustic shrike
 39010 | Depths:2 | Killed a caustic shrike
 39198 | Depths:2 | Got a translucent ivory amulet
 39240 | Depths:2 | Paralysed by an ogre mage for 5 turns
 39260 | Depths:2 | Paralysed by a great orb of eyes for 6 turns
 39716 | Depths:2 | Noticed a juggernaut
 39721 | Depths:2 | Reached XP level 21. HP: 205/205 MP: 20/20
 39745 | Depths:2 | Killed a juggernaut
 39830 | Depths:2 | Got a warped arbalest
 39983 | Depths:2 | Received a gift from Trog
 40002 | Depths:2 | Gained mutation: You expend magic power (3 MP) to strengthen your wands. [a neqoxec]
 40489 | Depths:2 | Got a faintly glowing plate armour
 40852 | Lair:1   | Identified the +5 plate armour of Absolutism {rPois rF- MR+} (You found it on level 2 of the Depths)
 40862 | Lair:1   | Identified the amulet "Zyk Qaxo" {Spirit *Drain rC+ Int+2} (You took it off an ogre mage on level 2 of the Depths)
 41197 | Depths:3 | Noticed Sojobo
 41249 | Depths:3 | Killed Sojobo
 41264 | Depths:3 | Reached skill level 15 in Axes
 41401 | Depths:3 | Received a gift from Trog
 41420 | Depths:3 | Found a one-way gate leading to the halls of Pandemonium.
 41432 | Depths:3 | Noticed an ancient lich
 41449 | Depths:3 | Killed an ancient lich
 41721 | Depths:3 | Got a scorched glaive {drain}
 42126 | Depths:3 | Reached XP level 22. HP: 215/215 MP: 21/21
 42286 | Depths:3 | Received a gift from Trog
 42563 | Depths:3 | Found Jeazytun's Assorted Antiques.
 42578 | Depths:3 | Bought a scroll of identify for 74 gold pieces
 42578 | Depths:3 | Bought a potion of curing for 111 gold pieces
 42578 | Depths:3 | Bought a potion of heal wounds for 185 gold pieces
 42791 | Depths:3 | Paralysed by a sphinx for 5 turns
 42906 | Depths:4 | Noticed a golden dragon
 42915 | Depths:4 | Killed a golden dragon
 43145 | Depths:4 | Found a one-way gate to the infinite horrors of the Abyss.
 43225 | Depths:4 | Found Sapp's Food Emporium.
 43280 | Depths:4 | Bought a fruit for 21 gold pieces
 43280 | Depths:4 | Bought a fruit for 21 gold pieces
 43280 | Depths:4 | Bought a fruit for 21 gold pieces
 43280 | Depths:4 | Bought 4 fruits for 84 gold pieces
 43280 | Depths:4 | Bought a royal jelly for 28 gold pieces
 43280 | Depths:4 | Bought a royal jelly for 28 gold pieces
 43280 | Depths:4 | Bought a royal jelly for 28 gold pieces
 43463 | Depths:4 | Noticed a golden dragon
 43489 | Depths:4 | Noticed a golden dragon
 43503 | Depths:4 | Killed a golden dragon
 43735 | Depths:4 | Noticed Boris
 43759 | Depths:4 | Noticed a juggernaut
 43759 | Depths:4 | Killed Boris
 44107 | Depths:4 | Received a gift from Trog
 44466 | Depths:4 | Killed a juggernaut
 44487 | Depths:4 | Noticed a golden dragon
 44489 | Depths:4 | Noticed a caustic shrike
 44495 | Depths:4 | Killed a golden dragon
 44504 | Depths:4 | Killed a caustic shrike
 44549 | Depths:4 | Noticed a caustic shrike
 44562 | Depths:4 | Killed a caustic shrike
 44815 | Depths:4 | Reached XP level 23. HP: 198/225 MP: 22/22
 44938 | Depths:4 | Paralysed by a vampire knight for 5 turns
 44976 | Depths:4 | Identified the Reference Book on Air and Creation
 45060 | Depths:4 | Got an iridescent quarterstaff {venom}
 45512 | Depths:5 | Entered Level 5 of the Depths
 45582 | Depths:5 | Noticed a juggernaut
 45603 | Depths:5 | Killed a juggernaut
 45682 | Depths:5 | Noticed Jory
 45700 | Depths:5 | Killed Jory
 45738 | Depths:5 | Found a gateway to a ziggurat.
 45795 | Depths:5 | Received a gift from Trog
 46055 | Depths:5 | Noticed Xtahua
 46089 | Depths:5 | Killed Xtahua
 46973 | Depths:5 | Found a gate to the Realm of Zot.
 47678 | Vaults:1 | Entered Level 1 of the Vaults
 47796 | Vaults:1 | Received a gift from Trog
 47796 | Vaults:1 | Reached XP level 24. HP: 219/237 MP: 22/22
 48722 | Vaults:1 | Received a gift from Trog
 48728 | Vaults:1 | Got a polished great sword {god gift}
 49198 | Vaults:1 | Got a smoking hand axe
 49228 | Vaults:1 | Identified the +5 great sword "Uling" {flame, *Noise rPois rN+ Str+2} (Trog gifted it to you on level 1 of the Vaults)
 49229 | Vaults:1 | Identified the +10 hand axe of the World {speed, Fragile +Rage rC+ Int+7} (You found it on level 1 of the Vaults)
 49233 | Vaults:1 | Got a twitching pewter ring
 50021 | Vaults:2 | Received a gift from Trog
 50636 | Vaults:3 | Found Plog's Weapon Shop.
 50645 | Vaults:3 | Bought a +3 vampiric executioner's axe for 1034 gold pieces
 50981 | Vaults:3 | Received a gift from Trog
 51145 | Vaults:3 | Found a staircase to the Crypt.
 51458 | Vaults:3 | Received a gift from Trog
 51965 | Vaults:4 | Reached XP level 25. HP: 246/249 MP: 22/22
 52475 | Vaults:4 | Received a gift from Trog
 52961 | Vaults:4 | Identified the ring "Tupezu" {*Contam rF+ rC+ MR+ Dex+5} (You acquired it on level 1 of the Vaults)
 52966 | Vaults:5 | Entered Level 5 of the Vaults
 53009 | Vaults:5 | Received a gift from Trog
 53453 | Vaults:5 | Found Beezec's Magic Scroll Shop.
 53465 | Vaults:5 | Got a warped silver ring
 53484 | Vaults:5 | Got a scintillating brass ring
 53609 | Vaults:5 | Bought a scroll of identify for 32 gold pieces
 53609 | Vaults:5 | Bought a scroll of identify for 32 gold pieces
 53609 | Vaults:5 | Bought a scroll of teleportation for 48 gold pieces
 53609 | Vaults:5 | Bought a scroll of identify for 32 gold pieces
 53609 | Vaults:5 | Bought 3 scrolls of identify for 96 gold pieces
 53757 | Vaults:5 | Noticed an ancient lich
 53780 | Vaults:5 | Killed an ancient lich
 53822 | Vaults:5 | Got a polished plate armour
 54013 | Vaults:5 | Received a gift from Trog
 54156 | Vaults:5 | Found Liashre's Jewellery Shop.
 54415 | Vaults:5 | Reached XP level 26. HP: 251/262 MP: 22/22
 54437 | Vaults:5 | Gained mutation: You are clumsy. (Dex -2) [a shining eye]
 54609 | Vaults:5 | Got a silver rune of Zot
 54628 | Vaults:5 | Got a polished arbalest
 54901 | Lair:1   | Identified the +5 plate armour of Cefobe {rElec Int-2 Dex+6} (You found it on level 5 of the Vaults)
 54902 | Lair:1   | Identified the ring of Sintiam {AC+2 Str+2 Int+2} (You took it off a fire giant on level 5 of the Vaults)
 54903 | Lair:1   | Identified the ring of the Red Skies {Wiz MR+} (You found it on level 5 of the Vaults)
 55078 | Slime:1  | Entered Level 1 of the Pits of Slime
 55094 | Slime:1  | Gained mutation: Your magical capacity is low. (-10% MP) [a shining eye]
 55096 | Slime:1  | Gained mutation: You are very clumsy. (Dex -4) [a shining eye]
 55099 | Slime:1  | Gained mutation: You often lose your temper in combat. [a shining eye]
 55161 | Slime:1  | Gained mutation: You frequently scream uncontrollably at your foes. [a shining eye]
 55634 | Slime:2  | Received a gift from Trog
 55699 | Slime:1  | Noticed GenChuck's ghost (journeyman MiFi)
 55707 | Slime:1  | Killed GenChuck's ghost
 56724 | Slime:4  | Noticed Dissolution
 56739 | Slime:4  | Killed Dissolution
 56745 | Slime:4  | Received a gift from Trog
 57002 | Slime:4  | Reached skill level 27 in Fighting
 57294 | Slime:5  | Entered Level 5 of the Pits of Slime
 57361 | Slime:5  | Gained mutation: Your body sometimes deteriorates upon taking damage. [a shining eye]
 57375 | Slime:5  | Gained mutation: Potions are less effective at restoring your health. [a shining eye]
 57380 | Slime:5  | Noticed the Royal Jelly
 59143 | Slime:5  | Gained mutation: Your spells are easier to cast, but less powerful. [a shining eye]
 59306 | Slime:5  | Killed the Royal Jelly
 60061 | Slime:5  | Got a slimy rune of Zot
 60095 | Slime:5  | Got a distressingly furry plate armour
 60112 | Slime:5  | Got a faintly glowing shortbow
 60119 | Slime:5  | Got a fine rapier
 60129 | Slime:5  | Got a sapphire-encrusted plate armour
 60156 | Slime:5  | Got a spiked scale mail
 60428 | Lair:1   | Identified the +5 plate armour of the Bruised Suns {rF+ Str+3} (You found it on level 5 of the Pits of Slime)
 60429 | Lair:1   | Identified the +0 plate armour of Cowardice {rC+ Str-5 Int+7} (You found it on level 5 of the Pits of Slime)
 60430 | Lair:1   | Identified the +6 rapier of Viuleal {drain, Str+3 Dex+4} (You found it on level 5 of the Pits of Slime)
 60435 | Lair:1   | Identified the cursed +1 scale mail of Bofoesm {-Cast rElec Dex+3} (You found it on level 5 of the Pits of Slime)
 60708 | Crypt:1  | Entered Level 1 of the Crypt
 60935 | Crypt:1  | Received a gift from Trog
 61098 | Crypt:1  | Reached XP level 27. HP: 147/273 MP: 19/19
 61111 | Crypt:1  | Reached skill level 10 in Maces & Flails
 62019 | Crypt:1  | Paralysed by something for 3 turns
 62133 | Crypt:2  | Received a gift from Trog
 62871 | Crypt:2  | Paralysed by a vampire knight for 6 turns
 63401 | Crypt:2  | Noticed Khufu
 63912 | Crypt:2  | Killed Khufu
 64080 | Crypt:2  | Paralysed by something for 5 turns
 64264 | Crypt:3  | Entered Level 3 of the Crypt
 64324 | Crypt:2  | Received a gift from Trog
 65434 | Crypt:3  | Paralysed by something for 6 turns
 65442 | Crypt:3  | Received a gift from Trog
 65472 | Crypt:3  | Found a staircase to the Tomb.
 65731 | Crypt:3  | Got a crude platinum ring
 66064 | Tomb:1   | Entered Level 1 of the Tomb of the Ancients
 66085 | Tomb:1   | Got a bloodstained robe
 66235 | Tomb:1   | Noticed a greater mummy
 66248 | Tomb:1   | Killed a greater mummy
 66280 | Tomb:1   | Noticed a greater mummy
 66672 | Tomb:1   | Killed a greater mummy
 67013 | Tomb:1   | Received a gift from Trog
 67271 | Tomb:1   | Noticed a greater mummy
 68260 | Tomb:1   | Killed a greater mummy
 68260 | Tomb:1   | Reached skill level 27 in Shields
 68293 | Tomb:1   | HP: 12/264 [spectral eight-headed hydra[a mummy priest] (5)]
 68297 | Tomb:1   | Slain by a phantasmal warrior

Skill      XL: |  1  2  3  4  5  6  7  8  9 10 11 12 13 14 15 16 17 18 19 20 21 22 23 24 25 26 27 |
---------------+----------------------------------------------------------------------------------+-----
Maces & Flails | 4 7 9 14 | 14.2
Fighting       | 4 5 6 7 8 9 10 11 13 15 16 18 19 20 21 22 23 25 26 27 | 27.0
Armour         | 3 4 5 7 8 10 12 13 14 16 17 19 20 21 22 23 | 23.2
Staves         | 1 3 5 6 9 10 | 10.0
Dodging        | 3 4 |  4.3
Stealth        | 1 2 3 |  3.4
Shields        | 1 2 4 6 8 10 11 13 14 16 17 18 19 21 22 23 25 27 | 27.0
Polearms       | 5 10 13 15 16 17 18 19 | 19.9
Long Blades    | 1 4 |  4.6
Axes           | 5 13 16 18 20 21 22 24 | 24.6
Evocations     | |  0.8

Action                   |  1- 3 |  4- 6 |  7- 9 | 10-12 | 13-15 | 16-18 | 19-21 | 22-24 | 25-27 || total
-------------------------+-------+-------+-------+-------+-------+-------+-------+-------+-------++-------
Melee: Mace              |    50 |       |       |       |       |       |       |       |   912 ||   962
       Headbutt          |     4 |    27 |    55 |   168 |   421 |   611 |   486 |   593 |   865 ||  3230
       Quarterstaff      |     5 |   136 |   147 |       |       |       |       |       |       ||   288
       Flail             |       |       |   167 |     7 |       |       |       |       |       ||   174
       Trident           |       |       |       |   542 |  1407 |  1982 |   454 |       |    58 ||  4443
       Scimitar          |       |       |       |     1 |    76 |     8 |       |       |       ||    85
       Broad axe         |       |       |       |       |       |       |   937 |  1575 |  1120 ||  3632
Invok: Berserk           |     1 |     1 |     4 |     3 |     3 |    11 |       |       |     1 ||    24
       Trog's Hand       |       |       |     1 |       |     1 |       |       |       |     2 ||     4
       Burn Spellbooks   |       |       |       |     1 |     3 |     3 |     3 |     3 |     8 ||    21
       Brothers in Arms  |       |       |       |     1 |     2 |     8 |       |       |       ||    11
 Abil: Evoke Blink       |       |       |       |       |       |     1 |       |       |     3 ||     4
  Use: Scroll            |       |     5 |     6 |     6 |    11 |    13 |    18 |     8 |    23 ||    90
       Potion            |       |       |     9 |       |     2 |    13 |     3 |     1 |    15 ||    43
 Stab: Invisible         |       |       |     1 |       |       |       |       |       |       ||     1
       Petrified         |       |       |       |       |     2 |       |       |       |       ||     2
       Confused          |       |       |       |       |     2 |     1 |       |       |       ||     3
       Distracted        |       |       |       |       |       |     1 |     2 |     3 |     2 ||     8
  Eat: Chunk             |     1 |     4 |    10 |    19 |    17 |    24 |    15 |    18 |     8 ||   116
       Fruit             |       |     3 |       |     5 |     8 |     6 |     3 |     5 |    14 ||    44
       Meat ration       |       |       |     1 |       |       |       |     1 |     1 |     1 ||     4
       Bread ration      |       |       |       |     2 |     2 |     5 |     1 |     1 |     7 ||    18
       Royal jelly       |       |       |       |       |     1 |     2 |     1 |       |     2 ||     6
Armor: Chain mail        |    42 |   103 |   169 |    91 |       |       |       |       |       ||   405
       Animal skin       |     1 |       |       |       |       |       |       |       |       ||     1
       Crystal plate arm |       |       |       |   291 |  1297 |   913 |   487 |   370 |  1255 ||  4613
Dodge: Dodged            |    36 |    74 |   141 |   191 |   559 |   448 |   248 |   172 |   510 ||  2379
       Deflected         |       |       |     3 |    16 |     9 |   129 |    46 |    28 |    32 ||   263
Block: Buckler           |       |       |    15 |    78 |   343 |   328 |       |       |       ||   764
       Shield            |       |       |       |       |       |   247 |   816 |   916 |  2099 ||  4078
       Reflection        |       |       |       |       |       |     3 |    85 |   123 |    56 ||   267
       Rpst.: Scimitar   |       |       |       |       |     7 |     2 |       |       |       ||     9
